 Dungeon Crawl Stone Soup version 0.28-b1 (webtiles) character file.

Game seed: 8402593199495437491

455 CuBeRJAN3 the Covered (level 7, -3/44 HPs)
             Began as a Gargoyle Fighter on Jan 26, 2022.
             Was a Follower of Zin.
             Slain by a lemure (6 damage)
             ... led by Pikel
             ... on level 3 of the Dungeon.
             The game lasted 00:14:15 (4061 turns).

CuBeRJAN3 the Covered (Gargoyle Fighter)            Turns: 4061, Time: 00:14:15

Health: -3/44      AC: 12    Str: 22    XL:     7   Next: 5%
Magic:  7/7        EV:  9    Int:  8    God:    Zin [*.....]
Gold:   99         SH:  4    Dex:  9    Spells: 6/6 levels left

rFire   . . .      SeeInvis .   a - +0 flail
rCold   . . .      Faith    .   c - +0 buckler
rNeg    + . .      Spirit   .   b - +0 scale mail
rPois   ∞          Reflect  .   (no helmet)
rElec   +          Harm     .   (no cloak)
rCorr   .          Rampage  .   (no gloves)
Will    .....                   (no boots)
Stlth   ..........              (no amulet)
HPRegen 0.14/turn               (no ring)
MPRegen 0.10/turn               (no ring)

@: no status effects
A: sickness immunity, AC +4, negative energy resistance 1, electricity
resistance, torment resistance 1, petrification resistance
a: Renounce Religion, Recite, Donate Gold


You were on level 3 of the Dungeon.
You worshipped Zin.
Zin was aware of your devotion.
You visited 2 branches of the dungeon, and saw 5 of its levels.

You collected 110 gold pieces.
You donated 11 gold pieces to Zin.

Inventory:

Hand Weapons
 a - a +0 flail (weapon)
Missiles
 n - 2 throwing nets (quivered)
Armour
 b - a +0 scale mail (worn)
 c - a +0 buckler (worn)
Jewellery
 i - an amulet of magic regeneration
Wands
 l - a wand of flame (9)
Scrolls
 e - a scroll of enchant armour
 f - 4 scrolls of teleportation
 j - a scroll of fear {unknown}
Potions
 d - 2 potions of might
 g - 2 potions of haste
 h - 3 potions of flight
 k - a potion of mutation {unknown}
 m - a potion of attraction {unknown}
 o - a potion of brilliance {unknown}
 p - 2 potions of degeneration {unknown}


   Skills:
 + Level 5.0 Fighting
 + Level 4.1 Maces & Flails
 + Level 5.1 Armour
 + Level 4.9 Shields


You had 6 spell levels left.
You didn't know any spells.
Your spell library contained the following spells:

 Spells                   Type           Power      Damage    Failure   Level
 Sandblast                Erth           0%         2d4       80%         1
 Passwall                 Tmut/Erth      0%         N/A       91%         2
 Stone Arrow              Conj/Erth      0%         3d7       99%         3


Dungeon Overview and Level Annotations

Branches:
Dungeon (4/15)             Temple (1/1) D:4

Altars:
Ashenzari
Cheibriados
Dithmenos
Elyvilon
Gozag
Hepliaklqana
Kikubaaqudgha
Makhleb
Nemelex Xobeh
Okawaru
Qazlal
Ru
Sif Muna
Trog
Uskayaw
Vehumet
Wu Jian
Xom
Yredelemnul
Zin
The Shining One

Shops:
D:4 =

Annotations:
D:3 1 runed translucent door, Crazy Yiuf
D:4 Menkaure, Pikel


Innate Abilities, Weirdness & Mutations

You are immune to sickness and miasma.
Your stone body is resilient. (AC +4)
You are immune to poison.
You resist negative energy. (rN+)
You are resistant to electric shocks. (rElec)
You are resistant to unholy torment.
You are immune to petrification.


Message History

The wyvern skeleton is almost destroyed.
The wyvern skeleton barely misses you.
You hit the wyvern skeleton.
You destroy the wyvern skeleton!
Zin accepts your kill.
Your Fighting skill increases to level 5!
You have reached level 7!
You climb upwards.
Level annotation: 1 runed translucent door, Crazy Yiuf
There is a stone staircase leading down here.
You are too injured to fight recklessly!
You are too injured to fight recklessly!
You are too injured to fight recklessly!
You are too injured to fight recklessly!
You are too injured to fight recklessly!
You thump the lemure!
The lemure is heavily wounded.
The lemure barely misses you.
You barely miss the lemure.
The lemure is heavily wounded.
The lemure hits you. The lemure hits you!
* * * LOW HITPOINT WARNING * * *
You barely miss the lemure.
The lemure is heavily wounded.
The lemure barely misses you.
You miss the lemure.
The lemure is heavily wounded.
The lemure barely misses you.
You hit the lemure but do no damage.
The lemure is heavily wounded.
The lemure hits you!
* * * LOW HITPOINT WARNING * * *
You hit the lemure but do no damage.
The lemure is heavily wounded.
The lemure hits you.
* * * LOW HITPOINT WARNING * * *
The lemure hits you.
* * * LOW HITPOINT WARNING * * *
The lemure hits you.
You die...

# ###########
..........# #####.....#
#.....#######
###...........#
#...##†######.#
###...##.######.###
..+...'.........@>#
###...#####.###.#5# #
#...#####.#
#.#.########## #
####......#
#.#..........# #
##.########...########.#
#...........#...### #.#
#..########.#.....# #.#
#.........#.#...#)# #.#
# #.#..#..#.#.#####.#
#.#


You could see a lemure.

Vanquished Creatures
  A necrophage (D:3)
  2 phantoms (D:3)
  A wyvern skeleton (D:4)
  Jessica (D:2)
  3 gnolls (D:4)
  3 adders (D:3)
  An adder skeleton (D:4)
  A worm (D:2)
  A dart slug (D:2)
  2 orcs (D:4)
  7 bats
  5 endoplasms
  5 giant cockroaches
  7 goblins
  4 hobgoblins
  3 jackals (D:3)
  6 quokkas
  9 ball pythons
  3 frilled lizards
  10 kobolds
  9 rats
84 creatures vanquished.

Vanquished Creatures (others)
  A butterfly (D:3)
1 creature vanquished.

Grand Total: 85 creatures vanquished

Notes
Turn   | Place    | Note
-------+----------+-------------------------------------------
     0 | D:1      | CuBeRJAN3 the Gargoyle Fighter began the quest for the Orb.
     0 | D:1      | Reached XP level 1. HP: 14/14 MP: 1/1
   199 | D:1      | Reached XP level 2. HP: 16/19 MP: 2/2
   704 | D:1      | Reached XP level 3. HP: 23/23 MP: 3/3
  1530 | D:2      | Found a faded altar of an unknown god.
  1561 | D:2      | Noticed Jessica
  1567 | D:2      | Killed Jessica
  1568 | D:2      | Reached XP level 4. HP: 29/29 MP: 4/4
  1914 | D:3      | Noticed a necrophage
  2120 | D:3      | Reached XP level 5. HP: 21/33 MP: 5/5
  2402 | D:3      | Found a runed translucent door.
  2403 | D:3      | Noticed Crazy Yiuf
  2468 | D:3      | Found a white marble altar of Elyvilon.
  2489 | D:3      | Killed a necrophage
  2782 | D:4      | Noticed Menkaure
  2782 | D:4      | Noticed a phantom
  2836 | D:4      | Noticed a phantom
  2856 | D:3      | Killed a phantom
  2857 | D:3      | Reached XP level 6. HP: 6/39 MP: 6/6
  3220 | D:4      | Found a staircase to the Ecumenical Temple.
  3230 | Temple   | Entered the Ecumenical Temple
  3623 | Temple   | Became a worshipper of Zin the Law-Giver
  3735 | D:4      | Reached skill level 5 in Armour
  3840 | D:4      | Reached * piety under Zin
  3982 | D:4      | Found Wyufaxko's Jewellery Emporium.
  4022 | D:4      | Noticed Pikel
  4053 | D:4      | Reached skill level 5 in Fighting
  4053 | D:4      | Reached XP level 7. HP: 21/44 MP: 7/7
  4061 | D:3      | Slain by a lemure

Illustrated notes

Levels and vault maps discovered:
D:1:      scummos_arrival_checkerplants, layout_rooms, minmay_circled_x
D:2:      layout_rooms, basic_ecumenical_altar, uniq_jessica
D:3:      layout_basic, nicolae_elyvilon_peaceful_grove,
          guppyfry_early_lair_pool, uniq_crazy_yiuf_cottage
D:4:      layout_loops_ring, minmay_temple_entry_water_ring, serial_shops, shop,
          kennysheep_path_1, supply_closet_lemuel, uniq_menkaure, uniq_ijyb,
          uniq_pikel
Temple:   mainiacjoe_temple_cubbyholes

Skill      XL: |  1  2  3  4  5  6 |
---------------+-------------------+-----
Maces & Flails | 3 4 |  4.1
Armour         | 4 5 |  5.1
Fighting       | 4 5 |  5.0
Shields        | 4 |  4.9

Action                   |  1- 3 |  4- 6 |  7- 9 || total
-------------------------+-------+-------+-------++-------
Melee: Flail             |   149 |   169 |     6 ||   324
  Use: Scroll            |     2 |     3 |       ||     5
       Potion            |     1 |       |       ||     1
Armor: Scale mail        |    82 |   104 |       ||   186
Dodge: Dodged            |    67 |    83 |     3 ||   153
Block: Buckler           |    25 |    40 |       ||    65
